Map: [ESL] Stargazers

Players

ShoWTimE

  • Race: Protoss Protoss
  • League: Master
  • Spawn Location: 1:00

maru - Winner!

  • Race: Terran Terran
  • League: Diamond
  • Spawn Location: 11:00

Event: TSL 9

VOD

Have the link to the VOD?

Description

Time

  • Played on: Sept. 4, 2022, 10:47 a.m.
  • Length: 15:14

All games in this series

Show
View Real Time Build Order
Export as new Build Order

ShoWTimE Protoss 

Build Orders: 1 Gate Expand, Oracle Opening, Phoenix Opening 

Get SALT Encoding   

  12  0:00  Probe  
  13  0:12  Probe  
  14  0:17  Pylon  
  14  0:24  Probe (Chrono Boost)  
  15  0:36  Gateway, Probe (Chrono Boost)  
  16  0:43  Probe (Chrono Boost)  
  16  0:45  Assimilator  
  17  0:50  Probe  
  18  1:03  Probe  
  19  1:15  Probe  
  20  1:22  Nexus  
  20  1:31  Cybernetics Core  
  20  1:33  Probe  
  20  1:38  Assimilator  
  21  1:46  Probe  
  22  1:50  Pylon  
  22  1:58  Probe  
  23  2:05  Adept (Chrono Boost)  
  25  2:10  Probe  
  26  2:17  Stargate  
  26  2:22  Probe  
  27  2:26  Adept (Chrono Boost)  
  29  2:31  Warp Gate  
  29  2:35  Probe (Chrono Boost)  
  31  2:41  Probe (Chrono Boost)  
  32  2:44  Probe (Chrono Boost)  
  32  2:48  Adept, Probe (Chrono Boost)  
  32  2:49  Probe (Chrono Boost)  
  35  2:51  Shield Battery  
  36  2:59  Probe  
  36  3:01  Probe  
  36  3:02  Oracle (Chrono Boost)  
  41  3:11  Probe  
  42  3:13  Probe  
  42  3:15  Pylon  
  43  3:21  Adept  
  43  3:23  Probe  
  46  3:33  Gateway, Probe, Assimilator  
  47  3:35  Phoenix (Chrono Boost)  
  47  3:38  Probe  
  50  3:45  Probe  
  49  3:50  Probe  
  49  3:55  Phoenix (Chrono Boost)  
  50  3:57  Probe  
  49  4:04  Probe  
  51  4:10  Probe  
  51  4:16  Probe  
  54  4:25  Probe, Pylon  
  54  4:28  Probe, Robotics Facility  
  54  4:33  Nexus  
  54  4:39  Probe  
  54  4:43  Probe  
  55  4:51  Probe  
  55  4:52  Phoenix (Chrono Boost)  
  55  4:55  Probe  
  58  5:03  Probe  
  59  5:08  Probe  
  59  5:12  Phoenix  
  61  5:15  Probe  
  61  5:19  Observer  
  61  5:21  Pylon  
  62  5:29  Robotics Bay  
  62  5:39  Probe x2  
  62  5:50  Probe (Chrono Boost)  
  62  5:51  Probe x2 (Chrono Boost)  
  62  5:54  Observer, Assimilator  
  66  5:57  Phoenix  
  66  6:00  Probe x3 (Chrono Boost)  
  71  6:05  Probe x3 (Chrono Boost)  
  74  6:17  Probe x3  
  78  6:22  Colossus  
  83  6:29  Probe x3  
  81  6:41  Probe x3  
  84  6:53  Probe  
  85  7:02  Pylon  
  85  7:05  Pylon  
  85  7:06  Probe x3, Pylon  
  82  7:08  Pylon  
  82  7:15  Forge  
  82  7:19  Probe x3 (Chrono Boost)  
  85  7:26  Colossus  
  94  7:30  Twilight Council, Probe x3 (Chrono Boost)  
  94  7:34  Assimilator x2  
  94  7:35  Probe x3 (Chrono Boost)  
  97  7:39  Gateway  
  97  7:41  Gateway, Protoss Ground Weapons Level 1  
  97  7:44  Gateway  
  97  7:45  Probe x3, Sentry  
  97  7:46  Gateway  
  102  7:51  Gateway  
  102  7:53  Charge (Chrono Boost)  
  102  7:57  Probe x3  
  105  8:09  Probe x2  
  107  8:15  Zealot x2  
  107  8:17  Pylon  
  107  8:18  Shield Battery  
  111  8:24  Templar Archives  
  111  8:26  Colossus (Chrono Boost)  
  117  8:38  Pylon  
  116  8:49  Zealot x4  
  116  8:50  Pylon  
  116  8:51  Photon Cannon  
  116  8:52  Pylon  
  116  8:53  Photon Cannon x2  
  124  8:58  Extended Thermal Lance (Chrono Boost)  
  124  9:02  Nexus  
  121  9:05  Pylon  
  121  9:10  Photon Cannon  
  121  9:11  Probe  
  121  9:12  Shield Battery, Probe x2  
  121  9:16  Warp Prism  
  126  9:18  Pylon  
  126  9:19  Zealot x5  
  126  9:20  Zealot  
  138  9:25  Probe x2, Pylon  
  138  9:26  Probe  
  141  9:44  Probe x3, Pylon  
  144  9:47  Photon Cannon, High Templar x3  
  144  9:48  High Templar  
  144  9:49  Photon Cannon, Zealot x3  
  144  9:52  Archon x2  
  158  9:53  Observer (Chrono Boost)  
  158  9:57  Probe x3  
  162  10:04  Photon Cannon  
  162  10:06  Observer, Pylon  
  162  10:09  Probe  
  162  10:10  Disruptor  
  162  10:13  Probe, Protoss Ground Weapons Level 2 (Chrono Boost)  
  167  10:15  Probe  
  167  10:16  Robotics Facility  
  167  10:18  Forge  
  162  10:23  Zealot, Stalker x3  
  163  10:30  Zealot x3  
  169  10:40  Assimilator  
  169  10:42  Assimilator  
  169  10:45  Disruptor (Chrono Boost)  
  169  10:49  Pylon  
  172  10:51  Nexus  
  172  10:52  Blink (Chrono Boost)  
  172  10:53  Stalker x4  
  180  11:02  Disruptor (Chrono Boost), Stalker x2  
  184  11:10  Shield Battery  
  187  11:11  Disruptor (Chrono Boost)  
  187  11:12  Shield Battery, Protoss Ground Armor Level 1 (Chrono Boost)  
  190  11:19  Photon Cannon  
  190  11:21  Zealot x3  
  190  11:23  Zealot  
  198  11:31  Dark Shrine  
  198  11:32  Zealot  
  196  11:45  Pylon  
  196  11:47  Observer (Chrono Boost)  
  196  11:50  Photon Cannon  
  196  11:51  Photon Cannon  
  196  11:53  Zealot x2  
  195  11:54  Photon Cannon  
  195  11:56  Photon Cannon  
  195  11:59  Photon Cannon  
  193  12:03  Photon Cannon  
  193  12:04  Photon Cannon  
  187  12:13  Stalker x4  
  193  12:18  Gateway  
  193  12:20  Gateway  
  193  12:22  Warp Prism (Chrono Boost)  
  198  12:33  Disruptor (Chrono Boost)  
  198  12:36  Gateway  
  198  12:39  Gateway, Zealot x2  
  200  12:45  Gateway  
  200  12:47  Gateway  
  188  13:06  Robotics Bay  
  188  13:07  Shadow Stride  
  188  13:24  Zealot x7  
  197  13:48  Zealot x8  
  187  13:53  Disruptor (Chrono Boost)  
  140  14:06  Stalker x4  
  140  14:07  Disruptor (Chrono Boost)  
  148  14:12  Stalker x7  
  148  14:13  Stalker  
  148  14:14  Gateway  
  148  14:16  Gateway  
  164  14:24  Disruptor (Chrono Boost)  
  161  14:27  Disruptor (Chrono Boost)  
  161  14:31  Photon Cannon  
  164  14:32  Zealot x4  
  164  14:33  Photon Cannon  
  168  14:42  Zealot x8  
  178  14:57  Zealot x8  
  126  15:07  Zealot  
  126  15:08  Zealot x3  
Show
View Real Time Build Order
Export as new Build Order

maru Terran - Winner!

Build Orders: 1/1/1 

Get SALT Encoding   

  12  0:00  SCV  
  13  0:12  SCV  
  14  0:17  Supply Depot  
  14  0:24  SCV  
  15  0:38  SCV  
  15  0:39  Barracks  
  16  0:43  Refinery  
  16  0:50  SCV  
  16  0:53  Refinery  
  17  1:03  SCV  
  18  1:15  SCV  
  19  1:26  Reaper  
  19  1:27  Orbital Command  
  20  1:33  Supply Depot  
  20  1:41  Factory  
  20  1:52  SCV  
  21  1:58  Barracks Reactor  
  21  2:04  SCV  
  22  2:17  SCV  
  23  2:24  Starport  
  23  2:29  SCV  
  24  2:30  Supply Depot  
  24  2:40  Hellion x2  
  24  2:41  SCV  
  29  2:53  SCV  
  30  3:01  Medivac, Hellion x2  
  36  3:05  Supply Depot  
  36  3:12  Armory  
  35  3:22  Widow Mine  
  35  3:25  Widow Mine  
  39  3:27  SCV  
  39  3:32  Command Center  
  40  3:42  Medivac  
  40  3:45  Widow Mine  
  44  3:55  Widow Mine  
  42  4:03  SCV  
  42  4:09  Widow Mine  
  45  4:14  Medivac  
  45  4:16  Supply Depot  
  47  4:28  Barracks Tech Lab  
  47  4:30  SCV  
  46  4:38  Widow Mine x2  
  50  4:42  SCV  
  51  4:45  Orbital Command  
  49  4:54  SCV  
  49  4:58  Medivac  
  49  4:59  Widow Mine x2  
  56  5:07  Command Center  
  54  5:13  SCV x2  
  54  5:20  Widow Mine  
  54  5:28  SCV  
  54  5:30  Widow Mine  
  54  5:35  SCV  
  58  5:36  Marine  
  58  5:38  Barracks  
  58  5:39  Barracks  
  58  5:40  SCV  
  58  5:42  Widow Mine  
  58  5:46  Stimpack  
  58  5:47  SCV  
  57  5:52  SCV  
  57  5:53  Widow Mine  
  60  5:58  Medivac  
  60  5:59  SCV  
  61  6:05  SCV  
  61  6:06  Engineering Bay  
  61  6:07  Engineering Bay  
  61  6:10  Widow Mine  
  64  6:12  SCV  
  64  6:15  Widow Mine  
  64  6:17  SCV  
  68  6:21  Orbital Command, Marine  
  68  6:24  SCV  
  64  6:30  SCV  
  64  6:32  Widow Mine  
  67  6:34  Starport Reactor  
  67  6:36  Widow Mine, SCV  
  67  6:39  Marine  
  71  6:40  Barracks Tech Lab, Barracks Reactor  
  71  6:45  SCV  
  71  6:47  Barracks x2  
  70  6:51  SCV  
  65  6:55  Widow Mine  
  65  6:57  Marine  
  65  6:58  Widow Mine  
  65  7:00  Orbital Command  
  66  7:03  SCV x2  
  66  7:06  Refinery x2  
  66  7:08  Terran Infantry Weapons Level 1, Terran Infantry Armor Level 1  
  68  7:09  Marine  
  68  7:15  Marine  
  68  7:16  SCV  
  68  7:17  SCV  
  68  7:19  Command Center  
  68  7:20  Missile Turret  
  68  7:26  Marine, SCV  
  68  7:29  Marine x2, SCV x2  
  74  7:33  Marine  
  74  7:35  Barracks Tech Lab, Barracks Reactor  
  75  7:40  SCV  
  75  7:41  Supply Depot, SCV  
  77  7:44  Medivac x2  
  77  7:47  SCV  
  77  7:49  Refinery  
  82  7:51  Refinery  
  82  7:52  SCV, Supply Depot x2  
  82  7:54  Widow Mine  
  85  8:03  Widow Mine, SCV x2  
  85  8:04  SCV  
  85  8:05  Supply Depot  
  90  8:08  Combat Shield, Marauder, Concussive Shells  
  92  8:13  Marauder  
  92  8:14  Marauder  
  92  8:15  SCV x2  
  92  8:16  Marine  
  92  8:17  Marine x3  
  100  8:21  Medivac  
  100  8:23  SCV  
  103  8:30  Ghost Academy  
  103  8:32  Supply Depot  
  103  8:33  Supply Depot  
  103  8:34  SCV  
  103  8:36  SCV x2  
  103  8:37  Missile Turret  
  112  8:41  Marauder x3  
  112  8:46  SCV  
  113  8:48  SCV x2  
  113  8:53  Medivac x2  
  117  8:59  SCV  
  117  9:00  Marine x4  
  117  9:02  Marauder x2, SCV x2  
  130  9:03  Marauder  
  130  9:10  Orbital Command, Missile Turret  
  130  9:11  SCV  
  130  9:12  Terran Infantry Weapons Level 2  
  130  9:14  Terran Infantry Armor Level 2, SCV x2  
  132  9:21  Supply Depot  
  132  9:22  Widow Mine x2, Marine  
  132  9:23  SCV  
  132  9:24  Marauder, Marine x2  
  142  9:32  Marine  
  142  9:33  Marauder x2  
  147  9:40  Marine  
  147  9:42  Supply Depot x2  
  147  9:43  Widow Mine x2  
  147  9:44  Terran Ship Weapons Level 1, Supply Depot  
  147  9:45  Enhanced Shockwaves, Marauder  
  154  9:50  Supply Depot  
  154  9:54  Marauder  
  156  10:03  Ghost  
  156  10:06  Ghost, SCV x2  
  162  10:12  Barracks x2  
  162  10:13  Barracks, Supply Depot  
  160  10:15  Ghost  
  162  10:27  Medivac x2  
  164  10:29  Marine x3  
  164  10:31  Ghost  
  164  10:34  Ghost  
  166  10:37  Widow Mine  
  166  10:38  Widow Mine, SCV  
  166  10:39  SCV x2  
  166  10:41  Supply Depot  
  173  10:43  Command Center  
  173  10:44  Marauder  
  175  10:53  Starport  
  175  10:58  Marine x4  
  175  11:00  Marauder, Barracks Tech Lab  
  175  11:01  Barracks Tech Lab, Barracks Reactor  
  175  11:03  Ghost  
  183  11:04  Refinery x2  
  183  11:05  Ghost  
  183  11:11  Viking x2  
  189  11:15  Command Center  
  189  11:16  Marine  
  189  11:39  Marauder  
  187  11:41  Viking x2  
  187  11:42  SCV x4  
  187  11:46  Terran Infantry Weapons Level 3  
  194  11:47  Terran Infantry Armor Level 3  
  194  11:54  SCV x4  
  197  11:57  Marauder  
  196  12:13  Viking  
  196  12:15  Terran Ship Weapons Level 2  
  198  12:16  Fusion Core, Starport Reactor  
  198  12:26  Planetary Fortress  
  198  12:48  Personal Cloaking  
  191  13:01  Marine x2  
  191  13:02  Marauder x2  
  191  13:05  Liberator  
  198  13:06  Advanced Ballistics  
  198  13:07  Starport  
  195  13:16  Missile Turret  
  195  13:17  Missile Turret  
  195  13:19  Command Center  
  194  13:23  Command Center  
  194  13:25  Liberator x2  
  198  13:40  Sensor Tower  
  198  13:48  Command Center  
  183  13:51  Marauder x3, Marine x3  
  183  13:52  Marine  
  183  13:53  Marauder x2, Liberator x2  
  184  14:00  Refinery  
  184  14:01  Refinery  
  184  14:02  Command Center  
  184  14:07  Starport Reactor  
  184  14:08  Liberator  
  184  14:09  Liberator  
  190  14:11  Command Center  
  190  14:12  Ghost  
  190  14:13  Marauder x2, Ghost x2  
  190  14:14  Nuke  
  200  14:17  Command Center  
  200  14:20  Command Center  
  200  14:45  Orbital Command  
Tags
 
Add a new tag
Caveats
  • Supply blocks, unpowered buildings, or Contaminate may cause inaccurate times.
  • Supply counts are checked every 10 seconds.